Get step-by-step instructions on how to execute this build order below. Start the game timer, and the build order will tick by so you can play in parallel with StarCraft on a second screen or mobile device.

Game Time

  0:00

Last Step

  N/A

Next Step

Upcoming Step



Don't want to look back and forth between 2 screens? Try out our Overwolf App, the Spawning Tool Build Advisor to get an in-game overlay with this build!

Complete Build Order

  12  0:02  Probe (Chrono Boost)  
  14  0:14  Probe (Chrono Boost)  
  14  0:20  Pylon  
  14  0:26  Probe (Chrono Boost)  
  15  0:34  Probe (Chrono Boost)  
  15  0:39  Gateway  
  15  0:42  Probe (Chrono Boost)  
  16  0:47  Assimilator  
  17  0:54  Probe (Chrono Boost)  
  18  1:06  Probe (Chrono Boost)  
  19  1:18  Probe (Chrono Boost)  
  20  1:24  Nexus  
  20  1:33  Cybernetics Core  
  20  1:38  Probe (Chrono Boost)  
  21  1:43  Assimilator  
  21  1:50  Probe (Chrono Boost)  
  22  1:54  Pylon  
  23  2:01  Pylon  
  23  2:02  Probe (Chrono Boost)  
  23  2:04  Adept  
  23  2:13  Warp Gate, Probe (Chrono Boost)  
  26  2:19  Probe (Chrono Boost)  
  26  2:29  Probe (Chrono Boost)  
  28  2:30  Stargate  
  28  2:35  Adept  
  30  2:39  Probe (Chrono Boost)  
  30  2:41  Probe (Chrono Boost)  
  34  2:51  Probe (Chrono Boost)  
  34  2:53  Probe (Chrono Boost)  
  34  3:00  Probe (Chrono Boost)  
  34  3:02  Adept  
  34  3:03  Oracle  
  34  3:05  Probe (Chrono Boost)  
  38  3:06  Probe (Chrono Boost)  
  38  3:11  Pylon  
  39  3:17  Probe (Chrono Boost)  
  39  3:19  Probe (Chrono Boost)  
  44  3:26  Gateway  
  44  3:29  Probe (Chrono Boost)  
  44  3:31  Probe (Chrono Boost)  
  46  3:36  Robotics Facility  
  46  3:39  Assimilator  
  47  3:41  Assimilator, Probe (Chrono Boost)  
  47  3:45  Probe (Chrono Boost)  
  48  3:50  Gateway  
  48  3:53  Probe (Chrono Boost)  
  48  3:54  Void Ray  
  49  3:57  Probe (Chrono Boost)  
  49  3:59  Pylon  
  56  4:19  Probe x2 (Chrono Boost)  
  56  4:24  Pylon  
  56  4:25  Immortal  
  56  4:31  Probe x2 (Chrono Boost)  
  62  4:39  Robotics Bay  
  62  4:44  Probe x2 (Chrono Boost)  
  64  4:46  Pylon  
  64  4:52  Nexus  
  64  4:53  Immortal  
  70  5:08  Probe x2 (Chrono Boost)  
  70  5:09  Pylon  
  70  5:17  Pylon  
  70  5:20  Sentry x2  
  75  5:21  Probe (Chrono Boost)  
  75  5:24  Probe (Chrono Boost)  
  76  5:33  Probe (Chrono Boost)  
  84  5:36  Pylon, Probe (Chrono Boost)  
  84  5:38  Shield Battery  
  84  5:43  Shield Battery  
  84  5:45  Probe (Chrono Boost)  
  84  5:47  Extended Thermal Lance  
  84  5:48  Probe (Chrono Boost)  
  87  5:57  Probe (Chrono Boost)  
  87  6:00  Twilight Council  
  87  6:01  Phoenix, Forge  
  87  6:02  Stalker  
  89  6:05  Stalker  
  89  6:08  Stalker  
  89  6:10  Shield Battery  
  85  6:14  Shield Battery, Probe x2 (Chrono Boost)  
  87  6:23  Phoenix  
  87  6:25  Probe (Chrono Boost)  
  84  6:28  Stalker  
  85  6:33  Stalker x2  
  85  6:36  Colossus  
  85  6:37  Probe (Chrono Boost)  
  85  6:39  Protoss Ground Weapons Level 1  
  89  6:40  Probe x2 (Chrono Boost)  
  87  6:47  Phoenix  
  87  6:49  Probe (Chrono Boost)  
  87  6:52  Probe (Chrono Boost)  
  87  6:53  Probe (Chrono Boost)  
  95  6:57  Stalker x2  
  95  6:59  Blink  
  95  7:01  Probe (Chrono Boost)  
  100  7:04  Probe (Chrono Boost)  
  100  7:05  Probe (Chrono Boost)  
  98  7:13  Probe (Chrono Boost)  
  98  7:15  Assimilator  
  101  7:16  Assimilator  
  101  7:17  Probe x2 (Chrono Boost)  
  101  7:25  Probe (Chrono Boost)  
  101  7:26  Colossus  
  101  7:29  Probe x2 (Chrono Boost)  
  104  7:30  Pylon x2  
  111  7:37  Probe (Chrono Boost)  
  111  7:38  Shield Battery  
  111  7:41  Probe (Chrono Boost)  
  111  7:44  Probe (Chrono Boost)  
  113  7:45  Shield Battery  
  113  7:49  Probe (Chrono Boost)  
  114  7:52  Pylon  
  114  7:53  Forge, Probe (Chrono Boost)  
  114  7:57  Pylon  
  115  8:05  Probe (Chrono Boost)  
  116  8:08  Nexus  
  116  8:11  Gateway  
  116  8:12  Colossus, Gateway  
  116  8:13  Gateway  
  116  8:17  Protoss Ground Armor Level 1, Sentry, Probe x3 (Chrono Boost)  
  116  8:18  Sentry x2  
  125  8:24  Protoss Ground Weapons Level 2  
  125  8:25  Pylon  
  131  8:31  Probe x2 (Chrono Boost)  
  133  8:47  Probe x2 (Chrono Boost)  
  135  8:54  Stalker  
  135  8:55  Stalker x2  
  141  8:59  Pylon, Shield Battery  
  141  9:06  Observer  
  142  9:22  Stalker x3  
  148  9:34  Stalker x2  
  148  9:36  Assimilator  
  152  9:39  Photon Cannon  
  152  9:40  Pylon, Colossus, Assimilator  
  152  9:42  Photon Cannon  
  152  9:43  Photon Cannon  
  157  9:47  Stalker x2  
  161  9:52  Probe (Chrono Boost)  
  161  9:53  Probe (Chrono Boost)  
  161  9:55  Probe x2 (Chrono Boost)  
  161  9:58  Protoss Ground Armor Level 2  
  163  10:05  Probe x2 (Chrono Boost)  
  166  10:07  Probe (Chrono Boost)  
  166  10:11  Stalker x5  
  173  10:21  Gateway, Protoss Ground Weapons Level 3  
  173  10:25  Gateway x2  
  173  10:31  Gateway  
  173  10:32  Photon Cannon, Probe x3 (Chrono Boost)  
  173  10:34  Zealot  
  178  10:36  Templar Archives  
  178  10:40  Photon Cannon  
  178  10:42  Warp Prism  
  178  10:47  Charge  
  180  10:50  Stalker x4  
  188  11:06  Psionic Storm  
  180  11:14  Zealot x4  
  180  11:18  Pylon x2  
  188  11:20  Fleet Beacon  
  188  11:24  Nexus  
  188  11:50  High Templar x5  
  195  12:04  Nexus, Photon Cannon  
  195  12:06  Photon Cannon  
  195  12:08  Protoss Ground Armor Level 3  
  195  12:10  Photon Cannon  
  195  12:12  Pylon  
  195  12:14  Pylon  
  195  12:23  Dark Shrine  
  195  12:24  Observer  
  195  12:28  Zealot x2  
  200  12:36  Photon Cannon  
  194  12:39  Photon Cannon  
  194  12:41  Photon Cannon  
  194  12:42  Photon Cannon  
  194  12:45  Photon Cannon  
  194  12:47  Photon Cannon  
  194  12:48  Photon Cannon  
  194  12:50  Photon Cannon  
  192  13:02  Zealot x4  
  200  13:05  Assimilator  
  200  13:07  Assimilator  
  200  13:10  Shield Battery  
  200  13:14  Shield Battery  
  195  13:23  Colossus  
  179  13:28  Zealot x10  
  199  13:36  Protoss Shields Level 1  
  199  13:54  Stargate  
  197  13:57  Stargate  
  197  13:59  Stargate  
  177  14:17  Zealot x4  
  177  14:18  Zealot x4, Observer  
  177  14:20  Stalker  
  196  14:32  Cybernetics Core  
  196  14:36  Protoss Air Weapons Level 1  
  196  14:53  Observer  
  195  15:01  Carrier x2  
  187  15:09  Nexus  
  187  15:10  Protoss Air Armor Level 1  
  193  15:29  Protoss Shields Level 2  
  193  15:31  Carrier  
  193  15:35  Pylon  
  193  15:38  Pylon  
  193  15:41  Assimilator  
  193  15:45  Assimilator  
  191  16:01  Carrier  
  185  16:07  Carrier  
  179  16:30  Carrier  
  181  16:37  Protoss Air Weapons Level 2  
  171  16:45  Carrier, Stargate  
  171  16:46  Stargate  
  177  16:48  Photon Cannon  
  177  16:51  Photon Cannon  
  177  16:52  Photon Cannon  
  177  16:54  Photon Cannon  
  177  16:55  Photon Cannon  
  177  16:56  Photon Cannon  
  177  16:57  Photon Cannon  
  177  16:58  Photon Cannon  
  183  17:10  Carrier, Unknown  
  183  17:13  Carrier  
  183  17:22  Carrier x2  
  183  17:29  Graviton Catapult  
  188  17:30  Protoss Air Armor Level 2  
  188  17:34  Stargate  
  198  17:40  Stargate  
  196  17:47  Dark Templar  
  197  17:53  Carrier, Observer  
  197  17:54  Dark Templar  
  197  17:55  Carrier  
  188  18:08  Protoss Shields Level 3  
  196  18:13  Nexus  
  196  18:14  Carrier  
  196  18:27  High Templar  
  196  18:28  High Templar  
  200  18:34  Pylon  
  200  18:36  Pylon  
  198  18:49  Oracle  
  198  18:53  Gateway  
  198  18:55  Gateway  
  198  18:57  Gateway  
  198  18:58  Gateway, Shield Battery  
  198  19:00  Shield Battery  
  198  19:01  Gateway  
  198  19:02  Pylon, Gateway  
  200  19:03  Gateway  
  200  19:06  Gateway  
  200  19:08  Pylon  
  200  19:10  Gateway  
  200  19:36  Protoss Air Armor Level 3  
  200  19:38  Protoss Air Weapons Level 3  
  196  19:45  Observer  
  197  20:10  Carrier x2  
  193  20:16  Carrier x2  
  193  20:18  Carrier x2  
  193  20:19  Carrier  
  200  20:38  Pylon  
  200  20:52  Stalker  
  200  20:53  Stalker  
  190  21:15  Stalker x2, Nexus  
  190  21:17  Stalker x2  
  190  21:18  Stalker x2  
  199  21:29  Photon Cannon  
  199  21:31  Photon Cannon  
  199  21:35  Photon Cannon x2  
  191  21:48  High Templar x4  
  199  22:22  Assimilator  
  192  22:48  Observer  
  199  23:07  Assimilator x2  
  199  23:14  Nexus  
  197  23:31  Pylon  
  197  23:32  Pylon  
  197  23:54  Zealot  
  195  24:02  Dark Templar  
  195  24:03  Dark Templar